 Dungeon Crawl Stone Soup version 0.29.1-14-g9c671dbff4 (webtiles) character file.

Game seed: 16536740436878931569

965 Sanktem7 the Trooper (level 7, -2/67 HPs)
             Began as a Minotaur Fighter on Feb 18, 2023.
             Slain by a killer bee (7 damage)
             ... on level 6 of the Dungeon.
             The game lasted 00:07:43 (5099 turns).

Sanktem7 the Trooper (Minotaur Fighter)             Turns: 5099, Time: 00:07:44

Health: -2/67      AC: 12    Str: 20 (23) XL:     7   Next: 93%
Magic:  6/6        EV:  4    Int:  4 (5)  God:
Gold:   261        SH: 12    Dex:  6 (9)  Spells: 6/6 levels left

rFire   + . .      SeeInvis .   a - +0 war axe {axe}
rCold   + . .      Faith    .   f - +0 kite shield
rNeg    . . .      Spirit   .   w - +0 plate armour
rPois   +          Reflect  +   (helmet restricted)
rElec   +          Harm     .   (no cloak)
rCorr   +          Rampage  .   (no gloves)
Will    .....                   (no boots)
Stlth   ..........              e - amulet of reflection
HPRegen 0.21/turn               x - ring of flight
MPRegen 0.10/turn               (no ring)

@: resistant, attractive, flying
A: horns 2, retaliatory headbutt
a: no special abilities


You were on level 6 of the Dungeon.
You visited 1 branch of the dungeon, and saw 6 of its levels.
You also visited: Sewer.

You collected 261 gold pieces.


Innate Abilities, Weirdness & Mutations

You have a pair of horns on your head.
You reflexively headbutt those who attack you in melee.


   Skills:
 * Level 7.9 Fighting
 * Level 7.3 Axes
 - Level 6.0 Armour
 - Level 3.6 Shields


You had 6 spell levels left.
You didn't know any spells.
Your spell library contained the following spells:

 Spells                   Type           Power      Damage    Failure   Level
 Gell's Gravitas          Tloc           0%         N/A       100%        3
 Lesser Beckoning         Tloc           0%         N/A       100%        3
 Teleport Other           Tloc           0%         N/A       100%        3
 Corpse Rot               Necr/Pois/Air  0%         N/A       100%        4
 Dispel Undead            Necr           0%         3d6       100%        4
 Death Channel            Necr           0%         N/A       100%        6

Inventory:

Hand Weapons
 a - a +0 war axe (weapon) {axe}
 l - the +11 short sword of Noapev {drain, rCorr Dex+3, short}
   (You found it on level 4 of the Dungeon)

   A truly terrible weapon, it drains the life of any living foe it strikes.
   Dex:       It affects your dexterity (+3).
   rCorr:     It protects you from acid and corrosion.
 y - a +2 whip of electrocution {mace}
   (You took it off a gnoll on level 5 of the Dungeon)
Missiles
 g - 27 stones (quivered) {throwing}
 s - 2 datura-tipped darts {throwing}
Armour
 f - a +0 kite shield (worn)
   (You found it on level 1 of the Dungeon)
 w - a +0 plate armour (worn)
   (You found it on level 4 of the Dungeon)
 A - an orb of wrath
   (You found it on level 5 of the Dungeon)
Jewellery
 e - an amulet of reflection (around neck)
   (You found it on level 1 of the Dungeon)
 x - a ring of flight (left hand)
   (You found it on level 5 of the Dungeon)
Scrolls
 b - 5 scrolls of noise {unknown}
 h - a scroll of poison {unknown}
 i - a scroll of enchant weapon {unknown}
 j - a scroll of silence {unknown}
 n - 3 scrolls of identify {unknown}
 o - a scroll of teleportation {unknown}
 p - 3 scrolls of immolation {unknown}
 u - a scroll of amnesia {unknown}
 v - a scroll of enchant armour {unknown}
 B - a scroll of fear {unknown}
Potions
 c - a potion of attraction {!q}
 d - 3 potions of might
 k - 2 potions of curing {unknown}
 m - a potion of mutation {unknown}
 q - a potion of flight
 r - a potion of degeneration {!q@e2}
 t - 2 potions of resistance
 z - a potion of haste {unknown}

Dungeon Overview and Level Annotations

Branches:
Dungeon (6/15) Zot: 26836   Sewer (visited)
 Temple: D:4-7

Altars:
Gozag

Shops:
D:2 * D:4

= #.......># #.#
####...#[# #.#
##### #. #.# #...#
#. #.###.#.# #.
#..)....# #.
#####.### #$ #.#
##.#.#.#########.#
......yyyy@......#
....##y###########
. y.. ..### ... ..
.


You could see 5 killer bees.


Message History

😮 HP[-1]
You take 1 damage, and now have 47/67 hp.
You barely miss the killer bee. Your headbutt misses the killer bee.
You feel sick. The killer bee stings you. x2
You are more poisoned.
The killer bee poisons you!
The killer bee stings you but does no damage. 😮 HP[-8]
You take 8 damage, and now have 39/67 hp.
You slash the killer bee!
You feel very sick.
The killer bee stings you but does no damage. 😮 HP[-3]
You take 3 damage, and now have 36/67 hp.
You barely miss the killer bee. Your headbutt misses the killer bee.
You feel very sick. The killer bee barely misses you. You furiously retaliate!
You headbutt the killer bee.
You block the killer bee's attack. x2 😮 HP[-2]
You take 2 damage, and now have 34/67 hp.
You hit the killer bee but do no damage.
You feel sick.
The killer bee stings you but does no damage. x2 😨 HP[-1]
You take 1 damage, and now have 33/67 hp.
You closely miss the killer bee. Your headbutt misses the killer bee.
You feel sick. You block the killer bee's attack. x2
The killer bee stings you.
* * * LOW HITPOINT WARNING * * *
You are more poisoned.
The killer bee poisons you! 😨 HP[-5]
You take 5 damage, and now have 28/67 hp.
You miss the killer bee. Your headbutt misses the killer bee.
You feel sick. The killer bee stings you.
* * * LOW HITPOINT WARNING * * *
You block the killer bee's attack. 😨 HP[-4]
You take 4 damage, and now have 24/67 hp.
You closely miss the killer bee. Your headbutt misses the killer bee.
You feel very sick. You block the killer bee's attack.
The killer bee stings you.
* * * LOW HITPOINT WARNING * * *
The killer bee stings you but does no damage. 😨 HP[-4]
You take 4 damage, and now have 20/67 hp.
You miss the killer bee. Your headbutt misses the killer bee.
You feel sick.
You block the killer bee's attack. x2; The killer bee barely misses you. 😨 HP[-1]
You take 1 damage, and now have 19/67 hp.
You miss the killer bee.
You feel sick. You block the killer bee's attack.
The killer bee stings you but does no damage. 😨 HP[-1]
You take 1 damage, and now have 18/67 hp.
You hit the killer bee. Your headbutt misses the killer bee.
You feel sick. The killer bee stings you.
* * * LOW HITPOINT WARNING * * *
The killer bee barely misses you.
You block the killer bee's attack. 😱 HP[-5]
You take 5 damage, and now have 13/67 hp.
You closely miss the killer bee.
You feel sick.
You are no longer poisoned.
The killer bee stings you but does no damage.
You block the killer bee's attack. x2 😱 HP[-1]
You take 1 damage, and now have 12/67 hp.
You barely miss the killer bee. You block the killer bee's attack. x2
You closely miss the killer bee.
The killer bee stings you but does no damage.
The killer bee barely misses you. You block the killer bee's attack.
You slash the killer bee! The killer bee stings you!
* * * LOW HITPOINT WARNING * * *
The killer bee barely misses you. 😱 HP[-7]
You take 7 damage, and now have 5/67 hp.
It was a potion of flight.
You feel more buoyant.
The killer bee stings you but does no damage. x2
It was a potion of resistance.
You feel protected. You block the killer bee's attack. x2
It was a potion of degeneration.
There was something very wrong with that liquid.
You feel weakened.
You feel dopey.
You feel clumsy. You block the killer bee's attack.
The killer bee stings you but does no damage.
It was a potion of attraction.
You feel attractive to monsters.
You block the killer bee's attack. x2 😱 HP[+1]
You hit the killer bee. You block the killer bee's attack.
The killer bee stings you.
* * * LOW HITPOINT WARNING * * *
You block the killer bee's attack. 😱 HP[-1]
You take 1 damage, and now have 5/67 hp.
You slash the killer bee!
You kill the killer bee!
You block the killer bee's attack. The killer bee stings you!
You die...

Skill      XL: |  1  2  3  4  5  6  7 |
---------------+----------------------+-----
Fighting       | 4 5 6 7 |  7.9
Axes           | 3 4 5 6 7 |  7.3
Armour         | 4 5 6 |  6.0
Shields        | |  3.6

Action                   |  1- 3 |  4- 6 |  7- 9 || total
-------------------------+-------+-------+-------++-------
Melee: War axe           |    67 |   152 |    85 ||   304
       Headbutt          |    10 |    20 |     9 ||    39
Throw: Stone             |       |     2 |       ||     2
  Use: Potion            |       |       |     4 ||     4
Armor: Scale mail        |    24 |     2 |       ||    26
       Chain mail        |       |    52 |     7 ||    59
       Plate armour      |       |       |    29 ||    29
Dodge: Dodged            |    21 |    42 |    25 ||    88
Block: Buckler           |     3 |       |       ||     3
       Kite shield       |    37 |   100 |    76 ||   213
       Reflection        |     1 |     2 |       ||     3

Levels and vault maps discovered:
D:1:      nicolae_arrival_memento_mori, layout_loops_cross,
          hellmonk_ecumenical_altar_arch_garden
D:2:      minmay_skewed_foursquare, layout_basic, serial_shops, shop,
          uniq_sigmund, uniq_robin
D:3:      layout_basic, mainiacjoe_overflow_boulevard, gup_sewer_entry_bowl
D:4:      layout_basic, serial_shops, shop, uniq_natasha, uniq_blork_the_orc
D:5:      layout_basic, temple_green
D:6:      minmay_clustersquares, layout_basic, good_gods_mini_temple,
          nicolae_uskayaw_dance_studio

Notes
Turn   | Place    | Note
-------+----------+-------------------------------------------
     0 | D:1      | Sanktem7 the Minotaur Fighter began the quest for the Orb.
     0 | D:1      | Reached XP level 1. HP: 19/19 MP: 0/0
     0 | D:1      | magus.rc [v1.9.6]
   223 | D:1      | Reached XP level 2. HP: 27/27 MP: 1/1
   225 | D:1      | Reached skill level 4 in Fighting
   309 | D:1      | Reached skill level 3 in Axes
   389 | D:1      | Found a faded altar of an unknown god.
   403 | D:1      | Reached skill level 4 in Armour
   501 | D:1      | Reached XP level 3. HP: 33/33 MP: 2/2
   972 | D:2      | Found Hiemnooz's Assorted Antiques.
   981 | D:2      | Reached XP level 4. HP: 41/41 MP: 3/3
  1141 | D:2      | Noticed Sigmund
  1156 | D:2      | HP: 1/41 [something (10)]
  1157 | D:2      | Killed Sigmund
  1158 | D:2      | Reached skill level 5 in Fighting
  1158 | D:2      | Reached skill level 4 in Axes
  1158 | D:2      | Reached XP level 5. HP: 2/50 MP: 4/4
  1512 | D:2      | Reached skill level 5 in Axes
  1692 | D:2      | Reached XP level 6. HP: 57/57 MP: 5/5
  1752 | D:2      | Noticed Robin
  1771 | D:2      | Killed Robin
  1772 | D:2      | Reached skill level 6 in Fighting
  2594 | D:3      | Found a glowing drain.
  2598 | Sewer    | Entered a sewer
  2956 | D:3      | Found an opulent altar of Gozag.
  3170 | D:3      | Reached skill level 5 in Armour
  3314 | D:3      | You pick up a book of Displacement and begin reading...
  3314 | D:3      | You add the spells Lesser Beckoning, Gell's Gravitas and
                  | Teleport Other to your library.
  3370 | D:3      | You pick up a book of Displacement and begin reading...
  3609 | D:4      | Identified a +0 robe of the Archmagi
  3609 | D:4      | Noticed Blork the orc
  3617 | D:4      | Killed Blork the orc
  3619 | D:4      | Noticed an orc warrior
  3738 | D:4      | Killed an orc warrior
  3739 | D:4      | Reached skill level 6 in Axes
  3739 | D:4      | Reached XP level 7. HP: 21/64 MP: 6/6
  3993 | D:4      | Noticed Natasha
  3997 | D:4      | Killed Natasha
  4000 | D:4      | Reached skill level 7 in Fighting
  4148 | D:4      | Found Haumeec's Jewellery Boutique.
  4178 | D:4      | Noticed Natasha
  4190 | D:4      | Killed Natasha
  4270 | D:4      | Noticed Natasha
  4275 | D:4      | Killed Natasha
  4460 | D:4      | Identified the +11 short sword of Noapev {drain, rCorr
                  | Dex+3}
  4624 | D:5      | Entered Level 5 of the Dungeon
  4656 | D:5      | You pick up a book of Decay and begin reading...
  4656 | D:5      | You add the spells Corpse Rot, Dispel Undead and Death
                  | Channel to your library.
  4750 | D:5      | Reached skill level 7 in Axes
  4945 | D:5      | You are sucked into a shaft and drop 1 floor!
  4992 | D:6      | Reached skill level 6 in Armour
  5089 | D:6      | HP: 13/67 [killer bee (4)]
  5093 | D:6      | HP: 5/67 [killer bee (8)]
  5098 | D:6      | HP: 5/67 [killer bee (1)]
  5099 | D:6      | Slain by a killer bee

Vanquished Creatures
  Sigmund (D:2)
  An orc warrior (D:4)
  2 ogres
  Blork the orc (D:4)
  A scorpion (D:4)
  A killer bee (D:6)
  A jelly (D:4)
  An orc priest (D:4)
  An iguana (D:5)
  Natasha (thrice) (D:4)
  Robin (D:2)
  3 gnolls (D:5)
  9 adders
  6 worms
  4 dart slugs
  7 orcs
  13 ball pythons
  2 bats
  12 endoplasms
  3 giant cockroaches
  18 goblins
  10 hobgoblins
  3 jackals (D:1)
  5 quokkas
  15 frilled lizards
  3 kobolds
  10 rats
137 creatures vanquished.

Table legend:
 A = Non-vault XP
 B = Vault XP
 C = Vault XP percentage of total XP
 D = Non-vault monster count
 E = Vault monster count
 F = Vault count percentage of total count
                 A         B        C        D         E       F
            +---------+---------+-------+---------+---------+-------
      Total |     978 |     462 |  32.1 |      94 |      43 |  31.4
            +---------+---------+-------+---------+---------+-------
        D:1 |      54 |       0 |   0.0 |      30 |       0 |   0.0
        D:2 |     104 |     299 |  74.2 |      24 |      21 |  46.7
        D:3 |      22 |       7 |  24.1 |       6 |       4 |  40.0
        D:4 |     413 |     125 |  23.2 |      25 |       2 |   7.4
        D:5 |     211 |       0 |   0.0 |       7 |       0 |   0.0
        D:6 |     174 |       0 |   0.0 |       2 |       0 |   0.0
      Sewer |       0 |      31 | 100.0 |       0 |      16 | 100.0
            +---------+---------+-------+---------+---------+-------

Illustrated notes

Table legend:
 A = Kills in this place as a percentage of kills in entire the game.
 B = Kills by you in this place as a percentage of kills by you in the entire game.
 C = Kills by friends in this place as a percentage of kills by friends in the entire game.
 D = Other kills in this place as a percentage of other kills in the entire game.
 E = Experience gained in this place as a percentage of experience gained in the entire game.
 F = Experience gained in this place divided by the number of levels of this place that you have seen.
                   A       B       C       D       E      F
               +-------+-------+-------+-------+-------+----------------------
         Total | 100.0 | 100.0 |   N/A |   N/A | 100.0 | 205.7
       Dungeon |  88.3 |  88.3 |   N/A |   N/A |  97.8 | 234.8
         Sewer |  11.7 |  11.7 |   N/A |   N/A |   2.2 |  31.0
               +-------+-------+-------+-------+-------+----------------------

Table legend: (Time is in decaauts)
 A = Elapsed time spent in this place.
 B = Non-inter-level travel time spent in this place.
 C = Inter-level travel time spent in this place.
 D = Time resting spent in this place.
 E = Time spent auto-exploring this place.
 F = Levels seen in this place.
 G = Mean time per level.
                   A        B        C        D        E       F      G
               +--------+--------+--------+--------+--------+-----+--------+
         Total |   5276 |   5234 |     42 |     91 |   4204 |   7 |  753.7 |
       Dungeon |   4897 |   4855 |     42 |     91 |   3968 |   6 |  816.2 |
         Sewer |    379 |    379 |      0 |      0 |    235 |   1 |  379.0 |
               +--------+--------+--------+--------+--------+-----+--------+

Top non-repeatable levels by time:
     D:2: 1904 daAuts
     D:4: 946 daAuts
     D:3: 821 daAuts
     D:1: 736 daAuts
   Sewer: 379 daAuts
     D:5: 326 daAuts
     D:6: 162 daAuts
